cohdb
Replays
Latest Replays
All Replays
Popular Replays
Top Player Replays
Match Explorer
How It Works
Community
CoH3 Stats
Reddit
Sign in to upload your games and track your stats! →
Sign in with Steam
Match 41242910
Unlisted
Match 41242910
Overview
Messages
Build Orders
End
Engineer Squad
Construct Weapon Support Center
Selects Heavy Weapons
M1919 Machine Gun Team
Bazooka Squad
Engineer Squad
Infantry Support Center
.30 cal Machine Gun
Selects Assault Carriers
M3 Assault Carrier
Construct Barracks
Mortar Pit
M3 Assault Carrier
Selects Exchangeable Parts
Riflemen Squad
Riflemen Squad
Riflemen Squad
Sunk Cost
redcoat15
영국은 똥이다
Izzy
如闪电般归来
CPU - VERY EASY
0
0
Comments
sign in to comment!
No comments posted yet!